 Dungeon Crawl Stone Soup version 0.24.0-37-gcf1ca852f1 (webtiles) character file.

Game seed: 2777768309732546417, levelgen mode: deterministic

38 Iamsoldier the Digger (level 3, 0/30 HPs)
             Began as a Deep Dwarf Earth Elementalist on Nov 27, 2019.
             Slain by a hungry ghost (3 damage)
             ... on level 2 of the Dungeon.
             The game lasted 00:04:48 (1214 turns).

Iamsoldier the Digger (DDEE)                        Turns: 1214, Time: 00:04:49

Health: 0/30       AC:  3    Str: 11    XL:     3   Next: 25%
Magic:  0/6        EV: 12    Int: 16    God:
Gold:   83         SH:  0    Dex: 13    Spells: 5/6 levels left

rFire    . . .     SeeInvis .   (no weapon)
rCold    . . .     Gourm    .   (no shield)
rNeg     . . .     Faith    .   f - +0 leather armour
rPois    .         Spirit   .   (no helmet)
rElec    .         Reflect  .   (no cloak)
rCorr    .         Harm     .   (no gloves)
MR       .....                  (no boots)
Stlth    ++........             (no amulet)
HPRegen  0.00/turn              (no ring)
MPRegen  0.10/turn              (no ring)

@: non-regenerating
A: damage resistance, heal wounds, sense surroundings 1, no regeneration
a: Heal Wounds


You were on level 2 of the Dungeon.
You were near starving.

You visited 1 branch of the dungeon, and saw 2 of its levels.

You collected 83 gold pieces.

Inventory:

Missiles
 b - 33 stones (quivered)
Armour
 c - a +0 robe
 f - a +0 leather armour (worn)
Scrolls
 e - 2 scrolls of enchant armour {unknown}
 g - a scroll of identify {unknown}
 j - a scroll of fog {unknown}
 k - a scroll of teleportation {unknown}
 l - a scroll of immolation {unknown}
Potions
 a - a potion of haste {unknown}
 h - a potion of might {unknown}
 i - a potion of heal wounds {unknown}
Comestibles
 d - 4 rations
 m - 4 chunks of flesh


   Skills:
 + Level 0.7 Fighting
 + Level 2.6 Dodging
 - Level 2.4 Stealth
 * Level 2.4 Spellcasting
   Level 0.8 Transmutations
 + Level 4.5 Earth Magic


You had 5 spell levels left.
You knew the following spells:

 Your Spells              Type           Power        Failure   Level  Hunger
a - Sandblast             Erth           ###...       4%          1    #......

Your spell library contained the following spells:

 Spells                   Type           Power        Failure   Level  Hunger
 Passwall                 Tmut/Erth      ##......     13%         2    ###....
 Stone Arrow              Conj/Erth      #.....       30%         3    ###....
 Petrify                  Tmut/Erth      ##......     65%         4    #####..
 Lee's Rapid Deconstruct  Erth           ###.......   73%         5    ######.


Dungeon Overview and Level Annotations

Branches:
Dungeon (2/15)

Altars:
Gozag


Innate Abilities, Weirdness & Mutations

You are resistant to damage.
You can heal yourself by infusing magical energy.
You passively map a small area around you.
You do not regenerate.


Message History

The hungry ghost barely misses you.
Casting: Sandblast (safe; 4% risk of failure)
Confirm with . or Enter, or press ? or * to list all spells.
Aiming: Sandblast (safe; 4% risk of failure)
Press: ? - help, Shift-Dir - straight line, f/p - hungry ghost
Aim: a hungry ghost (moderately damaged)
The blast of sand hits the hungry ghost!
The hungry ghost is severely damaged.
b - 33 stones The hungry ghost hits you.
* * * LOW HITPOINT WARNING * * *
You feel somewhat more hungry.
Casting: Sandblast (safe; 4% risk of failure)
Confirm with . or Enter, or press ? or * to list all spells.
You don't have enough magic to cast that spell.
Unknown command.
You fail to use your ability.
The worm bites you.
* * * LOW HITPOINT WARNING * * *
The hungry ghost hits you.
You die...

, ####
#.####....#####.#
,... ,, ,
#.............# *
* ####''#######.#
, ##≈≈§.÷≈≈≈## *
* ##§≈≈≈..≈≈≈§##
#§≈≈≈§..§≈≈≈≈## ,
≈≈≈§≈§..§≈≈≈≈≈#
** * , *
§§≈§§≈..§≈≈≈≈≈≈
≈≈≈≈≈≈.@≈≈≈§≈≈≈ *
* §§≈≈≈≈wW§≈≈≈≈≈≈
≈≈≈≈§#..#≈≈§≈≈§ *
+ §§....##!....§§
......##?...§.. +
* *
≈≈≈≈§#..#≈§§≈≈≈ *
§≈≈§§§§.≈≈≈≈§§≈ *
≈≈§§§§§.≈≈≈≈≈≈≈ *


You could see a hungry ghost and a worm.

Vanquished Creatures
  An adder (D:2)
  2 dart slugs
  3 bats (D:1)
  A giant cockroach (D:2)
  A goblin (D:1)
  3 hobgoblins
  6 jackals (D:1)
  A quokka (D:2)
  A ball python (D:2)
  2 kobolds (D:1)
  3 rats
24 creatures vanquished.

Notes
Turn   | Place    | Note
-------+----------+-------------------------------------------
     0 | D:1      | Iamsoldier the Deep Dwarf Earth Elementalist began the
                  | quest for the Orb.
     0 | D:1      | Reached XP level 1. HP: 15/15 MP: 3/3
   139 | D:1      | Reached XP level 2. HP: 22/22 MP: 0/5
   968 | D:2      | Found an opulent altar of Gozag.
  1000 | D:2      | Reached XP level 3. HP: 18/30 MP: 3/6
  1206 | D:2      | Noticed a hungry ghost
  1214 | D:2      | Slain by a hungry ghost

Levels and vault maps discovered:
D:1:      tarquinn_simple_flora_water_f, layout_loops_ring, minmay_misc_feat_chi
D:2:      kennysheep_big_flooded_room, layout_basic, grunt_gozag_breadcrumbs

Skill      XL: |  1 |
---------------+----+-----
Spellcasting   | 2 |  2.4
Fighting       | |  0.7
Dodging        | |  2.6
Stealth        | |  2.4
Transmutations | |  0.8
Earth Magic    | |  4.5

Action                   || total
-------------------------++-------
Melee: Unarmed           ||    39
 Cast: Sandblast         ||    35
 Stab: Sleeping          ||     1
  Eat: Chunk             ||     1
Armor: Leather armour    ||    14
       Robe              ||     2
Dodge: Dodged            ||    36
